 Dungeon Crawl Stone Soup version 0.25-a0-667-gb977e01cb5 (webtiles) character file.

Game seed: 5131235972760832768, levelgen mode: deterministic

336600 Conn the Slayer (level 21, -2/225 HPs)
             Began as a Hill Orc Fighter on Mar 27, 2020.
             Was the Champion of Makhleb.
             Killed from afar by a shard shrike (6 damage)
             ... with a shard of ice
             ... created by the effects of Hell
             ... on level 2 of Cocytus.
             The game lasted 04:19:52 (43307 turns).

Conn the Slayer (Hill Orc Fighter)                 Turns: 43307, Time: 04:19:52

Health: -2/225     AC: 40    Str: 40    XL:     21   Next: 89%
Magic:  37/39      EV: 13    Int:  6    God:    Makhleb [******]
Gold:   2192       SH: 30    Dex: 17    Spells: 27/31 levels left

rFire    + . .     SeeInvis +   a - +9 hand axe of the Kidney {flame, rN++ MR- Str+4}
rCold    + . .     Gourm    .   x - +5 tower shield
rNeg     + + +     Faith    .   R - +5 chain mail of Insecurity {Str+6 Stlth+}
rPois    .         Spirit   .   Q - +2 helmet {SInv}
rElec    +         Reflect  .   S - +2 cloak {MR+}
rCorr    .         Harm     .   y - +2 pair of gloves of the Four Orbs {rC+ Str+2 Int-2}
MR       ++++.     Rnd*Rage +   U - +2 pair of boots {run}
Stlth    ++........             M - amulet of Ihuina {Acrobat *Slow rN+ MR+ Dex+4}
HPRegen  0.47/turn              z - +5 ring of protection
MPRegen  0.26/turn              E - ring of Vutzarum {*Drain rElec rF+ MR+ MP+9}

@: studying 2 skills, quick
A: slimy green scales 1, berserk 1, clumsy 1, magic resistance 1, robust 1,
strong 2, subdued magic 1
}: 2/15 runes: barnacled, gossamer
a: Minor Destruction, Lesser Servant of Makhleb, Major Destruction, Greater
Servant of Makhleb, Renounce Religion


You were on level 2 of Cocytus.
You worshipped Makhleb.
Makhleb was exalted by your worship.
You were not hungry.

You visited 12 branches of the dungeon, and saw 39 of its levels.
You visited the Abyss 1 time.
You visited 1 bazaar.
You also visited: Gauntlet.

You collected 6013 gold pieces.
You spent 3821 gold pieces at shops.

Inventory:

Hand Weapons
 a - the +9 hand axe of the Kidney (weapon) {flame, rN++ MR- Str+4}
   (You bought it in a shop on level 2 of the Orcish Mines)

   It has been specially enchanted to burn those struck by it, causing extra
   injury to most foes and up to half again as much damage against particularly
   susceptible opponents.
   Big, fiery blades are also staple armaments of hydra-hunters.
   It affects your strength (+4).
   It greatly protects you from negative energy.
   It affects your resistance to hostile enchantments.
 b - the +3 fustibalus of Nysec {vorpal, +Blink}
   (You found it on level 8 of the Dungeon)

   Any stone fired from it inflicts extra damage.
   It lets you blink.
 p - a +2 hand crossbow of freezing
 r - the +8 shortbow "Conservator" {freeze, Str+2}
   (You found it on level 3 of the Elven Halls)

   It causes projectiles fired from it to freeze those they strike, causing
   extra injury to most foes and up to half again as much damage against
   particularly susceptible opponents.
   They can also slow down cold-blooded creatures.
   It affects your strength (+2).
 s - the +5 morningstar of Disorder {distort, *Drain rPois Str+3 Int-3 Dex+4}
   (You took it off a deep elf mage on level 3 of the Elven Halls)

   It warps and distorts space around it.
   Unwielding it can cause banishment or high damage.
   It affects your strength (+3).
   It affects your intelligence (-3).
   It affects your dexterity (+4).
   It protects you from poison.
   It causes draining when unequipped.
 F - the +9 heavy crossbow "Sniper" {vorpal, Acc+∞ SInv}
   (You found it in a Gauntlet)

   Any bolt fired from it inflicts extra damage.
   It lets you see invisible.
 W - a +8 triple crossbow
Missiles
 q - 181 sling bullets
 C - 172 bolts
 J - 2 datura-tipped darts (quivered)
Armour
 n - the +1 scale mail "Doram" {*Contam MR++ Dex+5}
   (You bought it in a shop in a bazaar)

   It affects your dexterity (+5).
   It affects your resistance to hostile enchantments.
   It causes magical contamination when unequipped.
 x - a +5 tower shield (worn)
 y - the +2 pair of gloves of the Four Orbs (worn) {rC+ Str+2 Int-2}
   (You found it on level 8 of the Dungeon)

   It affects your strength (+2).
   It affects your intelligence (-2).
   It protects you from cold.
 I - a +3 buckler of protection
 Q - a +2 helmet of see invisible (worn)
 R - the +5 chain mail of Insecurity (worn) {Str+6 Stlth+}
   (You bought it in a shop in a bazaar)

   It affects your strength (+6).
   It makes you more stealthy.
 S - a +2 cloak of magic resistance (worn)
 U - a +2 pair of boots of running (worn)
Jewellery
 e - an uncursed ring of see invisible
 u - an uncursed ring of resist corrosion
 w - the amulet of Uvos {Gourm rC+ Str+4}
   (You took it off a minotaur in a Gauntlet)

   [amulet of the gourmand]

   It allows you to eat raw meat even when not hungry.
   It affects your strength (+4).
   It protects you from cold.
 z - a +5 ring of protection (left hand)
 A - the amulet of the Scarab {Inacc +Fly rElec rC- MR++}
   (You found it on level 3 of the Elven Halls)

   [amulet of inaccuracy]

   It reduces the accuracy of all your attacks.
   It makes you vulnerable to cold.
   It insulates you from electricity.
   It affects your resistance to hostile enchantments.
   It lets you fly.
 E - the ring of Vutzarum (right hand) {*Drain rElec rF+ MR+ MP+9}
   (You bought it in a shop on level 2 of the Orcish Mines)

   [ring of protection from fire]

   It protects you from fire.
   It insulates you from electricity.
   It affects your resistance to hostile enchantments.
   It affects your magic capacity (+9).
   It causes draining when unequipped.
 M - the amulet of Ihuina (around neck) {Acrobat *Slow rN+ MR+ Dex+4}
   (You found it on level 9 of the Dungeon)

   [amulet of the acrobat]

   It helps you evade while moving and waiting.
   It affects your dexterity (+4).
   It protects you from negative energy.
   It affects your resistance to hostile enchantments.
   It may slow you when you take damage.
Wands
 H - a wand of acid (9)
 P - a wand of digging (21)
 Y - a wand of paralysis (29)
Scrolls
 g - 3 scrolls of immolation
 h - 12 scrolls of teleportation
 l - 13 scrolls of identify
 m - 26 scrolls of remove curse
 o - 5 scrolls of fear
 t - 5 scrolls of enchant weapon
 B - 8 scrolls of fog
 T - a scroll of magic mapping
Potions
 d - 9 potions of curing
 D - a potion of flight
 G - a potion of magic
 L - a potion of might
 Z - 2 potions of mutation
Books
 i - a manual of Maces & Flails
 v - a manual of Stealth
Miscellaneous
 j - the horn of Geryon
Comestibles
 f - 45 rations


   Skills:
 * Level 21.4 Fighting
   Level 1.6 Long Blades
 + Level 16.6(17.1) Axes
 + Level 6.4(11.4) Maces & Flails
 + Level 8.4(8.5) Slings
 * Level 8.1 Crossbows
 + Level 1.4(5.4) Throwing
 + Level 16.0 Armour
 + Level 7.5 Dodging
 + Level 7.9 Stealth
 + Level 17.8 Shields
 + Level 5.6 Spellcasting
 + Level 3.9 Summonings
 + Level 5.6 Translocations
 * Level 12.6 Invocations
 + Level 1.1 Evocations


You had 27 spell levels left.
You knew the following spells:

 Your Spells              Type           Power        Failure   Level  Hunger
a - Apportation           Tloc           #.....       13%         1    #......
b - Summon Butterflies    Summ           #.......     28%         1    #......
c - Blink                 Tloc           N/A          21%         2    ###....

Your spell library contained the following spells:

 Spells                   Type           Power        Failure   Level  Hunger
 Summon Small Mammal      Summ           #...         28%         1    #......
 Gell's Gravitas          Tloc           #.........   38%         3    ###....
 Lesser Beckoning         Tloc           #.........   38%         3    ###....
 Teleport Other           Tloc           #.......     38%         3    ###....
 Call Imp                 Summ           #.......     41%         2    ###....
 Shroud of Golubria       Chrm/Tloc      #.....       56%         2    ###....
 Call Canine Familiar     Summ           #.......     65%         3    ###....
 Passage of Golubria      Tloc           N/A          82%         4    #####..
 Animate Skeleton         Necr           N/A          83%         1    #......
 Beastly Appendage        Tmut           #.....       83%         1    #......
 Corona                   Hex            #......      83%         1    #......
 Foxfire                  Conj/Fire      #...         83%         1    #......
 Freeze                   Ice            #...         83%         1    #......
 Infusion                 Chrm           #...         83%         1    #......
 Pain                     Necr           #...         83%         1    #......
 Sandblast                Erth           #.....       83%         1    #......
 Sting                    Tmut/Pois      #...         83%         1    #......
 Summon Guardian Golem    Hex/Summ       #.......     90%         3    ###....
 Corpse Rot               Necr/Air       N/A          92%         2    ###....
 Poisonous Vapours        Pois/Air       #.....       92%         2    ###....
 Song of Slaying          Chrm           #.......     92%         2    ###....
 Confusing Touch          Hex            #.......     99%         3    ###....
 Conjure Flame            Conj/Fire      #.......     99%         3    ###....
 Frozen Ramparts          Ice            #.....       99%         3    ###....
 Ignite Poison            Fire/Tmut/Pois #.......     99%         3    ###....
 Inner Flame              Hex/Fire       #.......     99%         3    ###....
 Mephitic Cloud           Conj/Pois/Air  #.......     99%         3    ###....
 Ozocubu's Armour         Chrm/Ice       #.......     99%         3    ###....
 Stone Arrow              Conj/Erth      #.....       99%         3    ###....
 Tukima's Dance           Hex            #.......     99%         3    ###....
 Vampiric Draining        Necr           #.........   99%         3    ###....
 Animate Dead             Necr           N/A          100%        4    #####..
 Hailstorm                Conj/Ice       #.......     100%        4    #####..
 Leda's Liquefaction      Hex/Erth       #.........   100%        4    #####..
 Olgreb's Toxic Radiance  Pois           #.......     100%        4    #####..
 Sticky Flame             Conj/Fire      #.......     100%        4    #####..
 Summon Ice Beast         Ice/Summ       #.......     100%        4    #####..
 Summon Lightning Spire   Summ/Air       #.......     100%        4    #####..
 Agony                    Necr           #.......     100%        5    ######.
 Alistair's Intoxication  Tmut/Pois      #.......     100%        5    ######.
 Bolt of Magma            Conj/Fire/Erth #.........   100%        5    ######.
 Borgnjor's Vile Clutch   Necr/Erth      #.........   100%        5    ######.
 Excruciating Wounds      Chrm/Necr      #.........   100%        5    ######.
 Lee's Rapid Deconstruct  Erth           #.........   100%        5    ######.
 Silence                  Hex/Air        #.........   100%        5    ######.
 Yara's Violent Unravell  Hex/Tmut       #.........   100%        5    ######.
 Conjure Ball Lightning   Conj/Air       #.........   100%        6    #######
 Deflect Missiles         Chrm/Air       #.........   100%        6    #######
 Dispersal                Tloc           #.........   100%        6    #######
 Invisibility             Hex            #.......     100%        6    #######
 Iron Shot                Conj/Erth      #.........   100%        6    #######
 Simulacrum               Ice/Necr       #.........   100%        6    #######
 Statue Form              Tmut/Erth      #........    100%        6    #######
 Malign Gateway           Summ/Tloc      #.........   100%        7    #######
 Ring of Flames           Chrm/Fire      #.........   100%        7    #######
 Controlled Blink         Tloc           N/A          100%        8    #######
 Shatter                  Erth           #.........   100%        9    #######
 Tornado                  Air            #.........   100%        9    #######


Dungeon Overview and Level Annotations

Branches:
Dungeon (11/15)            Temple (1/1) D:6            Lair (6/6) D:11
 Shoals (4/4) Lair:4       Spider (4/4) Lair:2        Slime (1/5) Lair:6
    Orc (2/2) D:10            Elf (3/3) Orc:2          Hell (visited)
    Dis (1/7) Hell            Geh (3/7) Hell            Coc (2/7) Hell
    Tar (0/7) Hell        Gauntlet (visited)

Altars:
Ashenzari
Cheibriados
Dithmenos
Elyvilon
Fedhas
Gozag
Hepliaklqana
Kikubaaqudgha
Makhleb
Nemelex Xobeh
Okawaru
Qazlal
Ru
Sif Muna
Trog
Uskayaw
Vehumet
Wu Jian
Xom
Yredelemnul
Zin
The Shining One
Beogh

Shops:
Orc:1 [(((   Orc:2 [*[[=}(   Elf:1 (   Elf:2 *

Portals:
Hell: Lair:6


Innate Abilities, Weirdness & Mutations

You are partially covered in slimy green scales. (AC +2)
You tend to lose your temper in combat.
You are clumsy. (Dex -2)
You are resistant to hostile enchantments. (MR+)
You are robust. (+10% HP)
Your muscles are very strong. (Str +4)
Your spells are a little easier to cast, but a little less powerful.


Message History

Confirm with . or Enter, or press ? or * to list all spells.
You blink.
A spiny frog skeleton comes into view.
Your Executioner hits the shard shrike but does no damage.
Your Executioner barely misses the shard shrike.
Your Executioner closely misses the shard shrike.
Evoke which item? (* to show all) (? for menu, Esc to quit)
Aiming: Paralyse
Press: ? - help, Shift-Dir - straight line, f - shard shrike
Aim: a shard shrike (heavily wounded, chance to defeat MR: 8%)
Okay, then.
Unknown command.
Unknown command.
Evoke which item? (* to show all) (? for menu, Esc to quit)
Okay, then.
Okay, then.
A demon appears!
The shard shrike spits a shard of ice at you.
The shard of ice hits you. You partially resist.
You die...

≈ ....≈≈≈≈≈...≈≈≈
≈≈....≈≈≈≈≈.....≈
#≈.....≈≈≈≈≈.≈≈≈.
##≈......≈≈≈.≈≈≈≈≈
#≈≈.≈........≈≈≈≈≈ .≈#
#≈≈.≈≈≈≈...^≈≈≈≈≈≈ ..≈#
≈#####≈.≈≈≈≈≈≈....>≈≈≈≈ ...≈
≈≈≈≈≈≈≈.≈≈≈≈≈≈≈@......≈ ≈≈...
........≈≈≈≈≈≈≈.4...... ≈≈≈≈≈≈..
≈≈≈≈≈≈≈≈.....≈≈..≈≈≈≈...≈≈≈≈≈≈≈≈.
≈≈≈###≈≈.≈≈..1b...≈≈..Z.≈≈≈≈≈≈≈≈.
.≈≈ #≈≈.≈≈≈....≈.....≈.≈≈≈≈≈≈≈≈.
.≈≈≈ #≈≈.≈.......≈.≈≈≈≈..≈≈≈≈≈≈≈.
≈.≈≈≈#≈≈..§.≈....≈.≈≈≈≈≈.≈≈≈≈≈≈≈.
≈≈.≈≈≈≈≈..≈≈≈≈.....≈##≈≈..≈≈≈≈≈≈.
≈≈≈..≈≈.)≈≈≈≈≈≈....≈ ≈.≈≈≈≈≈≈.


You could see a shard shrike, a spiny frog skeleton, a friendly Executioner and
a friendly hellwing.

Vanquished Creatures
  2 shard shrikes (Coc:1)
  Geryon (Hell)
  3 Brimstone Fiends
  A hellephant (Hell)
  Jorgrun (Spider:1)
  2 Ice Fiends (Coc:1)
  6 deep elf blademasters
  3 deep elf master archers (Elf:3)
  2 ancient champions (Lair:6)
  Frances (Spider:1)
  Agnes (Spider:1)
  Donald (Shoals:4)
  Roxanne (Elf:1)
  A revenant (Hell)
  8 deep elf sorcerers
  3 ghost moths
  A frost giant (Shoals:4)
  A cacodemon (Hell)
  7 emperor scorpions
  4 deep elf elementalists
  12 reapers
  3 entropy weavers
  2 war gargoyles
  3 deep elf demonologists (Elf:3)
  9 deep elf annihilators
  A spark wasp (Spider:3)
  2 lorocyprocas
  A minotaur (Gauntlet)
  3 deep elf death magi (Elf:1)
  4 blizzard demons
  6 merfolk impalers
  3 merfolk javelineers
  A green death (Hell)
  3 deep elf high priests (Elf:3)
  A quicksilver dragon zombie (Coc:1)
  A hell beast (Lair:6)
  14 hydras
  An ice dragon (Coc:2)
  3 merfolk avatars
  A catoblepas (Shoals:4)
  A centaur warrior (Shoals:2)
  2 merfolk aquamancers
  2 alligator snapping turtles
  24 dancing weapons
  6 hell hogs
  A satyr (Shoals:2)
  An alligator (Shoals:3)
  2 two-headed ogres
  8 orc high priests (Orc:2)
  A death yak (Shoals:4)
  2 iron golems (Lair:6)
  2 soul eaters (Hell)
  3 sun demons
  13 deep elf knights
  2 titan skeletons
  6 hell knights (Geh:1)
  41 skeletal warriors
  2 sixfirhies (Hell)
  A death drake (Gauntlet)
  6 anaconda zombies
  A storm dragon skeleton (Coc:1)
  6 unseen horrors (Elf:2)
  6 sea snakes
  2 ghost moth zombies
  2 wolf spider zombies
  10 deep elf archers
  16 harpies
  2 anaconda skeletons (Coc:2)
  2 orc knights
  A wizard (Lair:6)
  2 large abominations (Elf:1)
  33 wolf spiders
  An oklob plant (Lair:6)
  52 deep elf magi
  2 necromancers
  An orc sorcerer (Orc:2)
  13 orb spiders
  3 shadow dragon skeletons
  11 fauns
  A shining eye (Gauntlet)
  A frost giant zombie (Coc:1)
  4 ugly things (D:11)
  3 moths of wrath
  10 manticores
  2 cyclopes
  A spectral centaur (Gauntlet)
  2 stone giant zombies
  5 elephants (Lair:6)
  3 black mambas
  A stone giant skeleton (Geh:3)
  A fire giant skeleton (Coc:2)
  A centaur zombie (D:11)
  An iron dragon skeleton (Coc:2)
  A frost giant skeleton (Coc:1)
  7 water nymphs
  6 merfolk sirens
  2 ice statues (Hell)
  10 rust devils
  A spiny frog (shapeshifter) (Elf:2)
  2 torpor snails
  5 rime drakes
  2 hellions
  7 spiny frogs
  2 dire elephant skeletons (Coc:1)
  7 ice devils
  7 freezing wraiths
  9 komodo dragons
  21 demonic crawlers
  6 tormentors
  14 red devils
  A hellwing (Lair:6)
  9 wind drakes
  19 jumping spiders
  A shadow dragon simulacrum (Coc:1)
  21 merfolk
  8 hydra zombies
  4 trolls
  8 hornets (Spider:4)
  13 blink frogs
  13 dream sheep
  A hippogriff (shapeshifter) (Elf:2)
  2 hydra skeletons
  An alligator zombie (Hell)
  17 hippogriffs
  An ettin zombie (Geh:1)
  A meliai zombie (Gauntlet)
  15 snapping turtles
  20 flying skulls
  5 shadows
  39 redbacks
  2 fire dragon skeletons
  5 air elementals
  24 yaks
  2 wyverns
  2 alligator skeletons
  An ettin skeleton (Geh:1)
  20 water elementals
  A basilisk (Lair:5)
  21 tarantellas
  5 wraiths
  A hungry ghost (D:11)
  10 fire elementals
  Grum (Lair:1)
  A golden eye (Gauntlet)
  A spatial vortex (Coc:1)
  8 wargs
  11 water moccasins
  An acid dragon (D:9)
  A spectral hornet (Gauntlet)
  A floating eye (Gauntlet)
  A hydra simulacrum (Coc:2)
  A small abomination (Abyss:2)
  17 hell hounds
  15 porcupines
  21 orc warriors
  A spiny frog skeleton (Hell)
  5 ice beasts
  4 spiny frog zombies
  9 necrophages
  2 sky beasts
  A snapping turtle zombie (Geh:1)
  An alligator simulacrum (Hell)
  A manticore zombie (Coc:2)
  A phantom (D:9)
  16 wolves
  9 ogres
  2 swamp dragon skeletons
  5 centaurs
  21 crocodiles
  5 gnoll sergeants
  16 bullfrogs
  7 elf zombies
  2 big kobolds (D:10)
  3 earth elementals
  A spiny frog simulacrum (Coc:1)
  A water moccasin zombie (D:8)
  A wyvern skeleton (D:9)
  A troll zombie (D:7)
  4 killer bees (D:10)
  21 wights
  5 howler monkeys
  3 electric eels
  6 crimson imps
  2 bullfrog zombies
  7 hounds
  A quasit (D:9)
  4 human zombies (D:7)
  35 orc priests
  4 centaur skeletons
  A gnoll shaman (D:4)
  A bullfrog skeleton (D:8)
  A jelly (D:7)
  16 orc wizards
  9 worker ants
  A howler monkey zombie (D:9)
  A worker ant zombie (D:11)
  14 adders
  16 gnolls
  12 white imps
  A worm (D:2)
  3 dart slugs
  7 leopard geckos
  99 orcs
  11 bats
  6 giant cockroaches
  2 goblins (D:2)
  12 hobgoblins
  4 jackals (D:6)
  8 quokkas
  2 ball pythons
  7 frilled lizards
  A giant cockroach zombie (D:5)
  6 kobolds
  A leopard gecko zombie (D:7)
  An orc zombie (D:7)
  3 rats
  3 rat zombies (D:4)
  5 bushes
  A demonic plant (Gauntlet)
  12 fungi
  10 plants
1418 creatures vanquished.

Vanquished Creatures (collateral kills)
  A bone dragon (Coc:2)
  Asterion (Spider:2)
  Polyphemus (Shoals:4)
  2 emperor scorpions (Spider:4)
  2 merfolk javelineers (Shoals:4)
  A merfolk impaler (Shoals:4)
  A merfolk avatar (Shoals:4)
  3 death yaks (Shoals:4)
  A soul eater (Coc:2)
  A harpy (Shoals:4)
  2 orb spiders
  3 wolf spiders
  A frost giant zombie (Coc:2)
  A stone giant skeleton (Coc:2)
  A merfolk siren (Shoals:4)
  A dire elephant zombie (Coc:2)
  An orange demon (Hell)
  A demonic crawler (Spider:4)
  3 jumping spiders
  3 merfolk (Shoals:4)
  A snapping turtle (Shoals:4)
  A flying skull (Coc:2)
  A hippogriff (Shoals:4)
  2 shadows (Coc:2)
  A tarantella (Spider:4)
  A hell hound (Hell)
  An ice beast (Coc:2)
39 creatures vanquished.

Vanquished Creatures (others)
  Nikola (Spider:2)
  2 eldritch tentacles
  A ghost moth (Spider:2)
  A deep elf annihilator (Elf:3)
  A deep elf death mage (Elf:1)
  A hell hog (Lair:6)
  A wolf spider (Spider:2)
  A deep elf mage (Elf:1)
  A moth of wrath (Spider:4)
  A jumping spider (Spider:2)
  2 tarantellas (Spider:2)
  A hell hound (Geh:2)
  A wight (Geh:1)
  11 fungi
  14 plants
40 creatures vanquished.

Grand Total: 1497 creatures vanquished

Notes
Turn   | Place    | Note
-------+----------+-------------------------------------------
     0 | D:1      | Conn the Hill Orc Fighter began the quest for the Orb.
     0 | D:1      | Reached XP level 1. HP: 19/19 MP: 1/1
   155 | D:1      | Reached XP level 2. HP: 24/27 MP: 2/2
   177 | D:1      | Reached skill level 4 in Fighting
   650 | D:1      | You fall into a shaft and drop 1 floor!
   677 | D:2      | Reached XP level 3. HP: 31/33 MP: 3/3
   821 | D:2      | Reached XP level 4. HP: 27/40 MP: 4/4
  1706 | D:3      | Reached XP level 5. HP: 43/46 MP: 5/5
  2264 | D:4      | Found an opulent altar of Gozag.
  2783 | D:4      | Found an ancient bone altar of Kikubaaqudgha.
  2811 | D:4      | Found a hide-covered altar of Uskayaw.
  2890 | D:4      | Noticed a centaur
  2900 | D:4      | Killed a centaur
  2900 | D:4      | Reached skill level 5 in Axes
  2900 | D:4      | Reached XP level 6. HP: 18/53 MP: 6/6
  3779 | D:5      | Entered Level 5 of the Dungeon
  3815 | D:5      | Reached skill level 5 in Shields
  3965 | D:5      | Reached skill level 1 in Long Blades
  3965 | D:5      | Reached skill level 1 in Dodging
  3965 | D:5      | Reached XP level 7. HP: 53/60 MP: 7/7
  4635 | D:6      | Reached skill level 5 in Armour
  4861 | D:6      | Reached skill level 1 in Stealth
  4872 | D:6      | Found a staircase to the Ecumenical Temple.
  4881 | Temple   | Entered the Ecumenical Temple
  4931 | Temple   | Became a worshipper of Makhleb the Destroyer
  5040 | D:6      | Reached skill level 5 in Fighting
  5222 | D:6      | Reached XP level 8. HP: 22/68 MP: 8/8
  6237 | D:7      | Found a white marble altar of Elyvilon.
  6416 | D:7      | Got a dazzling scale mail
  6427 | D:7      | Identified the +5 scale mail of Moerawuq {rC+} (You found
                  | it on level 7 of the Dungeon)
  6459 | D:7      | Reached * piety under Makhleb
  6760 | D:7      | Reached XP level 9. HP: 55/75 MP: 9/9
  6984 | D:7      | Found a basalt altar of Yredelemnul.
  7016 | D:7      | Reached skill level 6 in Fighting
  7187 | D:7      | Reached ** piety under Makhleb
  7391 | D:8      | Reached skill level 10 in Axes
  7480 | D:8      | Got a fine fustibalus
  7481 | D:8      | Identified the +3 fustibalus of Nysec {vorpal, +Blink} (You
                  | found it on level 8 of the Dungeon)
  7515 | D:8      | Found a shattered altar of Ashenzari.
  7722 | D:8      | Reached skill level 1 in Slings
  7833 | D:8      | Got a pair of spiked gloves
  7839 | D:8      | Identified the +2 pair of gloves of the Four Orbs {rC+
                  | Str+2 Int-2} (You found it on level 8 of the Dungeon)
  8272 | D:9      | Reached skill level 7 in Fighting
  8272 | D:9      | Reached XP level 10. HP: 86/86 MP: 10/10
  8533 | D:9      | Got a sparkling silver amulet
  8535 | D:9      | Identified the amulet of Ihuina {Acrobat *Slow rN+ MR+
                  | Dex+4} (You found it on level 9 of the Dungeon)
  9010 | D:9      | Noticed a two-headed ogre
  9018 | D:9      | Killed a two-headed ogre
  9018 | D:9      | Reached skill level 8 in Fighting
  9091 | D:9      | Found a blossoming altar of Fedhas.
  9154 | D:9      | Reached *** piety under Makhleb
  9225 | D:10     | Entered Level 10 of the Dungeon
  9397 | D:10     | Found a staircase to the Orcish Mines.
  9433 | D:10     | Reached XP level 11. HP: 86/95 MP: 11/11
  9495 | D:10     | Reached skill level 9 in Fighting
  9826 | D:10     | Reached **** piety under Makhleb
 10146 | D:10     | Learned a level 1 spell: Apportation
 10148 | D:10     | Learned a level 1 spell: Summon Butterflies
 10407 | D:10     | Identified the Grimoire of Translocation
 10412 | D:10     | Learned a level 2 spell: Blink
 10506 | D:11     | Noticed a brown ugly thing
 10521 | D:11     | Killed a brown ugly thing
 10522 | D:11     | Noticed a white ugly thing
 10541 | D:11     | Killed a white ugly thing
 10541 | D:11     | Reached skill level 1 in Spellcasting
 10541 | D:11     | Reached skill level 1 in Summonings
 10557 | D:11     | Found a flickering gateway to a bazaar.
 10582 | Bazaar   | Entered a bazaar
 10582 | Bazaar   | Found Ateocuri's Food Boutique.
 10585 | Bazaar   | Found Nitonic's Armour Emporium.
 10590 | Bazaar   | Found Teal's Antique Armour Emporium.
 10606 | Bazaar   | Found Ofeliaw's Book Shop.
 10617 | Bazaar   | Found Yjom's Weapon Shop.
 10665 | Bazaar   | Bought a brightly glowing scale mail for 207 gold pieces
 10665 | Bazaar   | Bought a faintly glowing chain mail for 218 gold pieces
 10684 | Bazaar   | Identified the cursed +1 scale mail "Doram" {*Contam MR++
                  | Dex+5} (You bought it in a shop in a bazaar)
 10695 | Bazaar   | Identified the +5 chain mail of Insecurity {Str+6 Stlth+}
                  | (You bought it in a shop in a bazaar)
 10761 | D:11     | Gained mutation: Your spells are a little easier to cast,
                  | but a little less powerful. [mutagenic glow]
 10943 | D:11     | Noticed a brown ugly thing
 10958 | D:11     | Killed a brown ugly thing
 11143 | D:11     | Noticed a two-headed ogre
 11155 | D:11     | Killed a two-headed ogre
 11155 | D:11     | Reached skill level 1 in Translocations
 11262 | D:11     | Reached ***** piety under Makhleb
 11300 | D:11     | Reached skill level 5 in Slings
 11304 | D:11     | Found a staircase to the Lair.
 11545 | D:11     | Noticed a cyan ugly thing
 11552 | D:11     | Killed a cyan ugly thing
 11552 | D:11     | Reached XP level 12. HP: 106/106 MP: 14/14
 11852 | Orc:1    | Entered Level 1 of the Orcish Mines
 11877 | Orc:1    | Reached skill level 10 in Fighting
 11922 | Orc:1    | Found Yfet's Antique Armour Boutique.
 11940 | Orc:1    | Found Qeniluir's Antique Weapon Shoppe.
 11951 | Orc:1    | Bought a glowing triple crossbow for 351 gold pieces
 12031 | Orc:2    | Entered Level 2 of the Orcish Mines
 12085 | Orc:2    | Found Ebbosh's Assorted Antiques.
 12100 | Orc:2    | Bought a crude hand axe for 216 gold pieces
 12101 | Orc:2    | Identified the +9 hand axe of the Kidney {flame, rN++ MR-
                  | Str+4} (You bought it in a shop on level 2 of the Orcish
                  | Mines)
 12101 | Orc:2    | Paralysed by an orc sorcerer for 5 turns
 12169 | Orc:2    | Noticed an orc high priest
 12185 | Orc:2    | Killed an orc high priest
 12188 | Orc:2    | Noticed an orc high priest
 12198 | Orc:2    | Killed an orc high priest
 12210 | Orc:2    | Noticed an orc high priest
 12229 | Orc:2    | Killed an orc high priest
 12241 | Orc:2    | Found Haitulora's Antique Armour Shop.
 12241 | Orc:2    | Found Oqixza's Antique Armour Emporium.
 12367 | Orc:2    | Bought a shiny buckler for 255 gold pieces
 12399 | Orc:2    | Found a roughly hewn altar of Beogh.
 12399 | Orc:2    | Noticed an orc high priest
 12406 | Orc:2    | Killed an orc high priest
 12427 | Orc:2    | Noticed an orc high priest
 12434 | Orc:2    | Noticed a soul eater
 12445 | Orc:2    | Killed an orc high priest
 12500 | Orc:2    | Found Wanyqiyg's Weapon Emporium.
 12502 | Orc:2    | Found a staircase to the Elven Halls.
 12697 | Orc:2    | Found Nuol Imo's Jewellery Emporium.
 12697 | Orc:2    | Noticed an orc high priest
 12706 | Orc:2    | Killed an orc high priest
 12706 | Orc:2    | Reached skill level 11 in Fighting
 12736 | Orc:2    | Found Behomos's Gadget Shop.
 12736 | Orc:2    | Noticed an orc high priest
 12736 | Orc:2    | Noticed an orc high priest
 12762 | Orc:2    | Killed an orc high priest
 12766 | Orc:2    | Killed an orc high priest
 12868 | Orc:1    | Found Houremiu's Antique Weapon Shop.
 12872 | Orc:1    | Reached XP level 13. HP: 116/116 MP: 16/16
 12876 | Orc:1    | Reached ****** piety under Makhleb
 12985 | Orc:1    | Found Etudden's Weapon Shop.
 13166 | Orc:2    | Found Doukoil's Antique Armour Boutique.
 13173 | Orc:2    | Bought a glowing cloak for 262 gold pieces
 13422 | Lair:1   | Entered Level 1 of the Lair of Beasts
 13463 | Lair:1   | Identified the Guide on Blistering Clay
 13798 | Lair:1   | Noticed Grum
 13813 | Lair:1   | Killed Grum
 14308 | Lair:2   | Reached skill level 12 in Fighting
 14879 | Lair:2   | Found a hole to the Spider Nest.
 15765 | Lair:4   | Got a shimmering quarterstaff
 15766 | Lair:4   | Identified the +3 quarterstaff of Doubt {freeze, +Blink}
                  | (You found it on level 4 of the Lair of Beasts)
 15889 | Lair:4   | Reached skill level 10 in Shields
 16252 | Lair:4   | Found a staircase to the Shoals.
 16263 | Lair:4   | Reached skill level 15 in Axes
 16627 | Lair:5   | Reached skill level 13 in Fighting
 16669 | Lair:5   | Found a gate leading to a gauntlet.
 16679 | Gauntlet | Entered a Gauntlet
 16679 | Gauntlet | Found a transporter.
 16771 | Gauntlet | Found a transporter.
 16782 | Gauntlet | Found a transporter.
 16787 | Gauntlet | Found a transporter.
 16796 | Gauntlet | Noticed a great orb of eyes
 16812 | Gauntlet | Found a transporter.
 16821 | Gauntlet | Found a transporter.
 16831 | Gauntlet | Found a large runed translucent door.
 16832 | Gauntlet | Found a large runed translucent door.
 16833 | Gauntlet | Found a large runed translucent door.
 16833 | Gauntlet | Found a large runed translucent door.
 16834 | Gauntlet | Found a runed translucent gate.
 16835 | Gauntlet | Found a transporter.
 16835 | Gauntlet | Found a runed translucent gate.
 16836 | Gauntlet | Found a runed translucent gate.
 16837 | Gauntlet | Found a large runed translucent door.
 16837 | Gauntlet | Found a large runed translucent door.
 16838 | Gauntlet | Found a large runed translucent door.
 16839 | Gauntlet | Found a large runed translucent door.
 16847 | Gauntlet | Found a transporter.
 16859 | Gauntlet | Found a transporter.
 16871 | Gauntlet | Found a transporter.
 16888 | Gauntlet | Found a transporter.
 16905 | Gauntlet | Found a transporter.
 16907 | Gauntlet | Found a transporter.
 16932 | Gauntlet | Found a transporter.
 16954 | Gauntlet | Found a transporter.
 16956 | Gauntlet | Found a transporter.
 16958 | Gauntlet | Found a large runed translucent door.
 16958 | Gauntlet | Found a large runed translucent door.
 16959 | Gauntlet | Found a large runed translucent door.
 16959 | Gauntlet | Found a large runed translucent door.
 16986 | Gauntlet | Found a transporter.
 16986 | Gauntlet | Found a transporter.
 17047 | Gauntlet | Found a large runed translucent door.
 17047 | Gauntlet | Found a large runed translucent door.
 17047 | Gauntlet | Found a runed translucent door.
 17047 | Gauntlet | Found a runed translucent door.
 17057 | Gauntlet | Found a large runed translucent door.
 17058 | Gauntlet | Found a large runed translucent door.
 17072 | Gauntlet | Reached XP level 14. HP: 129/129 MP: 20/20
 17111 | Gauntlet | Got a coiled ruby amulet
 17224 | Gauntlet | Identified the amulet of Suspected Treachery {Spirit Int+2
                  | Slay+2} (You found it in a Gauntlet)
 17336 | Gauntlet | Identified the amulet of Uvos {Gourm rC+ Str+4}
 17384 | Gauntlet | Found the +9 heavy crossbow "Sniper" {vorpal, Acc+∞ SInv}
 17984 | Lair:6   | Entered Level 6 of the Lair of Beasts
 18007 | Lair:6   | Reached skill level 10 in Armour
 18334 | Lair:6   | Reached skill level 5 in Translocations
 18696 | Lair:6   | Reached skill level 14 in Fighting
 18737 | Lair:6   | Found a burning altar of Makhleb.
 18788 | Lair:6   | Found a gateway to Hell.
 18800 | Lair:6   | Reached skill level 5 in Spellcasting
 18805 | Lair:6   | Got a crude ring mail
 18824 | Lair:6   | Identified the cursed +0 ring mail of Hedonism {rN+ Str-2
                  | Int+3 Dex+4} (You found it on level 6 of the Lair of
                  | Beasts)
 19030 | Lair:6   | Found a staircase to the Slime Pits.
 19264 | Slime:1  | Entered Level 1 of the Pits of Slime
 19748 | Orc:2    | Bought the ring of Vutzarum {*Drain rElec rF+ MR+ MP+9} for
                  | 926 gold pieces
 19790 | Elf:1    | Entered Level 1 of the Elven Halls
 19811 | Elf:1    | Reached XP level 15. HP: 126/138 MP: 22/22
 19927 | Elf:1    | Reached skill level 5 in Dodging
 20102 | Elf:1    | Identified Roxanne's Grimoire of Clay
 20102 | Elf:1    | Noticed Roxanne
 20139 | Elf:1    | Killed Roxanne
 20185 | Elf:1    | Found a huge runed gate.
 20185 | Elf:1    | Found a huge runed gate.
 20188 | Elf:1    | Found a huge runed gate.
 20188 | Elf:1    | Found a huge runed gate.
 20189 | Elf:1    | Found a huge runed gate.
 20190 | Elf:1    | Found a huge runed gate.
 20190 | Elf:1    | Found a huge runed gate.
 20250 | Elf:1    | Noticed a deep elf sorcerer
 20250 | Elf:1    | Noticed a deep elf blademaster
 20250 | Elf:1    | Noticed a deep elf elementalist
 20258 | Elf:1    | Killed a deep elf elementalist
 20262 | Elf:1    | Reached skill level 15 in Fighting
 20263 | Elf:1    | Killed a deep elf blademaster
 20289 | Elf:1    | Killed a deep elf sorcerer
 20573 | Elf:1    | Identified the Papyrus of Unstable Envenoming
 20647 | Elf:1    | Found Quraq's Antique Weapon Shop.
 20785 | Elf:1    | Reached skill level 1 in Evocations
 21293 | Elf:1    | Identified the Collected Works on Evil Rites
 21484 | Elf:2    | Noticed a deep elf elementalist
 21507 | Elf:2    | Killed a deep elf elementalist
 21532 | Elf:2    | Reached XP level 16. HP: 144/149 MP: 23/23
 21600 | Elf:2    | Reached skill level 16 in Fighting
 21602 | Elf:2    | Found Xehybew's Assorted Antiques.
 21685 | Elf:2    | Identified 3 scrolls of acquirement
 21851 | Elf:2    | Bought an ichor-stained cloak for 266 gold pieces
 21861 | Elf:2    | Identified the cursed +0 cloak of the Villain {rC+} (You
                  | bought it in a shop on level 2 of the Elven Halls)
 21905 | Elf:2    | Gained mutation: You are frail. (-10% HP) [a shining eye]
 21924 | Elf:2    | Lost mutation: You are frail. (-10% HP) [potion of
                  | mutation]
 21924 | Elf:2    | Lost mutation: Your spells are a little easier to cast, but
                  | a little less powerful. [potion of mutation]
 21924 | Elf:2    | Gained mutation: You are clumsy. (Dex -2) [potion of
                  | mutation]
 21924 | Elf:2    | Gained mutation: You are robust. (+10% HP) [potion of
                  | mutation]
 22040 | Elf:2    | Found a runed translucent gate.
 22042 | Elf:2    | Found a runed translucent gate.
 22078 | Elf:2    | Found a runed translucent gate.
 22308 | Elf:2    | Noticed a deep elf blademaster
 22373 | Elf:2    | Killed a deep elf blademaster
 22483 | Elf:2    | Reached skill level 5 in Stealth
 23469 | Elf:3    | Entered Level 3 of the Elven Halls
 23860 | Elf:3    | Reached skill level 17 in Fighting
 23863 | Elf:3    | Noticed a Tzitzimitl
 24088 | Elf:3    | Identified a +1 pair of boots of running (You acquired it
                  | on level 3 of the Elven Halls)
 24438 | Elf:3    | Noticed a deep elf master archer
 24438 | Elf:3    | Noticed a deep elf blademaster
 24454 | Elf:3    | Noticed a deep elf blademaster
 24457 | Elf:3    | Noticed a deep elf blademaster
 24462 | Elf:3    | Killed a deep elf blademaster
 24472 | Elf:3    | Killed a deep elf blademaster
 24472 | Elf:3    | Reached XP level 17. HP: 109/177 MP: 24/24
 24472 | Elf:3    | Killed a deep elf blademaster
 24472 | Elf:3    | Noticed a deep elf blademaster
 24476 | Elf:3    | Noticed a deep elf blademaster
 24483 | Elf:3    | Killed a deep elf master archer
 25066 | Elf:3    | Killed a deep elf blademaster
 25252 | Elf:3    | Identified the ring "Adigebia" {rN+ Int+4}
 25514 | Elf:3    | Noticed a deep elf master archer
 25517 | Elf:3    | Gained mutation: You are occasionally teleported next to
                  | monsters. [mutagenic glow]
 25597 | Elf:3    | Gained mutation: You are dopey. (Int -2) [mutagenic glow]
 25605 | Elf:3    | Killed a deep elf master archer
 25605 | Elf:3    | Reached skill level 18 in Fighting
 25605 | Elf:3    | Reached skill level 1 in Invocations
 25646 | Elf:3    | Gained mutation: You are very clumsy. (Dex -4) [mutagenic
                  | glow]
 25649 | Elf:3    | Lost mutation: You are very clumsy. (Dex -4) [potion of
                  | mutation]
 25649 | Elf:3    | Lost mutation: You are dopey. (Int -2) [potion of mutation]
 25649 | Elf:3    | Lost mutation: You are occasionally teleported next to
                  | monsters. [potion of mutation]
 25649 | Elf:3    | Gained mutation: Your muscles are strong. (Str +2) [potion
                  | of mutation]
 25649 | Elf:3    | Gained mutation: You are partially covered in slimy green
                  | scales. (AC +2) [potion of mutation]
 25649 | Elf:3    | Gained mutation: Your muscles are very strong. (Str +4)
                  | [potion of mutation]
 25649 | Elf:3    | Gained mutation: You are resistant to hostile enchantments.
                  | (MR+) [potion of mutation]
 25672 | Elf:3    | Identified the Catalogue of the Scorching Voyage
 25690 | Elf:3    | Gained mutation: Your spells are a little easier to cast,
                  | but a little less powerful. [mutagenic glow]
 25712 | Elf:3    | Identified the +5 morningstar of Disorder {distort, *Drain
                  | rPois Str+3 Int-3 Dex+4}
 25715 | Elf:3    | Identified the ring of Moderation {Ice Int+5 Dex-2}
 25715 | Elf:3    | Noticed a deep elf master archer
 25729 | Elf:3    | Killed a deep elf master archer
 25756 | Elf:3    | Gained mutation: You tend to lose your temper in combat.
                  | [mutagenic glow]
 25760 | Elf:3    | Identified Neuckyh's Reference Book on Bewitching
                  | Translocation
 25762 | Elf:3    | Identified Xupiotz's Tome of the Volcanoes
 25769 | Elf:3    | Identified the Handbook of the Mountains
 25784 | Elf:3    | Identified the Guide on Snow and Augmentations
 25820 | Elf:3    | Got a shimmering platinum amulet
 25862 | Elf:3    | Got a crude shortbow
 25870 | Elf:3    | Identified the +8 shortbow "Conservator" {freeze, Str+2}
                  | (You found it on level 3 of the Elven Halls)
 25874 | Elf:3    | Identified the amulet of the Scarab {Inacc +Fly rElec rC-
                  | MR++} (You found it on level 3 of the Elven Halls)
 26041 | Elf:3    | Banished a deep elf blademaster
 26450 | Orc:1    | Bought a runed helmet for 240 gold pieces
 26509 | Orc:2    | Bought a +5 ring of protection for 880 gold pieces
 26741 | Shoals:1 | Entered Level 1 of the Shoals
 27095 | Shoals:1 | Reached skill level 1 in Maces & Flails
 27473 | Spider:1 | Entered Level 1 of the Spider Nest
 27518 | Spider:1 | Noticed Frances
 27529 | Spider:1 | Noticed Jorgrun
 27540 | Spider:1 | Killed Frances
 27556 | Spider:1 | Killed Jorgrun
 27849 | Spider:1 | Noticed Agnes
 27866 | Spider:1 | Killed Agnes
 27897 | Spider:1 | Reached XP level 18. HP: 154/190 MP: 0/25
 28244 | Spider:2 | Noticed Nikola
 28269 | Spider:2 | Killed Nikola
 28269 | Spider:2 | Reached skill level 1 in Crossbows
 28822 | Spider:2 | Noticed Asterion
 28837 | Spider:2 | Killed Asterion
 28837 | Spider:2 | Reached skill level 15 in Armour
 28837 | Spider:2 | Reached skill level 5 in Invocations
 29054 | Spider:3 | Reached skill level 5 in Maces & Flails
 29388 | Spider:3 | Reached skill level 19 in Fighting
 29724 | Spider:4 | Entered Level 4 of the Spider Nest
 29974 | Spider:4 | Paralysed by a hornet for 1 turns
 30000 | Spider:4 | Reached skill level 1 in Throwing
 31019 | Spider:4 | Reached XP level 19. HP: 170/201 MP: 3/27
 31196 | Spider:4 | Got a gossamer rune of Zot
 34042 | Shoals:2 | Found the +6 lightning scales {run, rElec}
 34377 | Shoals:2 | Reached skill level 15 in Shields
 34378 | Shoals:2 | Reached skill level 20 in Fighting
 34549 | Shoals:4 | Entered Level 4 of the Shoals
 34734 | Shoals:4 | Got a barnacled rune of Zot
 35175 | Shoals:4 | Noticed Polyphemus
 35196 | Shoals:4 | Killed Polyphemus
 35553 | Shoals:4 | Identified the Reference Book on Harmful Stones
 35618 | Shoals:4 | Noticed Donald
 35640 | Shoals:4 | Killed Donald
 35694 | Shoals:4 | Reached skill level 5 in Crossbows
 35743 | Shoals:4 | Reached XP level 20. HP: 212/212 MP: 28/28
 36199 | Hell     | Entered the Vestibule of Hell
 36199 | Hell     | Noticed Geryon
 36222 | Hell     | Noticed a hellephant
 36245 | Hell     | Reached skill level 10 in Invocations
 37388 | Hell     | Found a gateway to the ashen valley of Gehenna.
 38482 | Hell     | Killed a hellephant
 38519 | Hell     | Killed Geryon
 39032 | Hell     | Cast into level 2 of the Abyss (reaper)
 39130 | Hell     | Escaped the Abyss
 39315 | Hell     | Found a gateway to the freezing wastes of Cocytus.
 39456 | Hell     | Found a gateway to the decaying netherworld of Tartarus.
 39657 | Hell     | Found a gateway to the Iron City of Dis.
 39665 | Dis:1    | Entered Level 1 of the Iron City of Dis
 39665 | Dis:1    | Found a gateway to Hell.
 39895 | Geh:1    | Entered Level 1 of Gehenna
 39895 | Geh:1    | Found a gateway to Hell.
 40017 | Geh:1    | Reached XP level 21. HP: 207/223 MP: 29/29
 40228 | Geh:2    | Found a gateway to Hell.
 40296 | Geh:2    | Found a gateway to Hell.
 40316 | Geh:3    | Found a gateway to Hell.
 40750 | Geh:1    | Reached skill level 21 in Fighting
 40908 | Coc:1    | Entered Level 1 of Cocytus
 40908 | Coc:1    | Found a gateway to Hell.
 41771 | Coc:1    | Noticed a shard shrike
 41781 | Coc:1    | Killed a shard shrike
 42135 | Coc:1    | Noticed a shard shrike
 42147 | Coc:1    | Killed a shard shrike
 42239 | Coc:2    | Found a gateway to Hell.
 42239 | Coc:2    | Found a gateway to Hell.
 42888 | Coc:2    | Found a gateway to Hell.
 43174 | Coc:2    | Noticed a bone dragon
 43222 | Coc:2    | HP: 9/225 [anaconda zombie (5)]
 43291 | Coc:2    | Killed a bone dragon
 43296 | Coc:2    | Noticed a shard shrike
 43305 | Coc:2    | HP: 7/225 [shard shrike[the effects of Hell] (21)]
 43307 | Coc:2    | Killed from afar by a shard shrike

Levels and vault maps discovered:
D:1:      dpeg_arrival_chambers_temple_mockup, layout_loops_ring
D:2:      layout_basic, minmay_misc_feat_ornament, minmay_diced_spiral
D:3:      layout_loops_cross
D:4:      layout_basic, nicolae_overflow_crystal_walls, grunt_gozag_breadcrumbs,
          lemuel_zombie_altar_kikubaaqudgha, solitary_fountain, minivault_25
D:5:      layout_loops_ring, first_ration
D:6:      layout_layer_cave, minmay_temple_entry_glass
D:7:      layout_loops_ring, lemuel_crystal_altar,
          lemuel_mausoleum_altar_yredelemnul
D:8:      layout_gridville, kennysheep_mini_moat
D:9:      layout_basic, fedhas_altar_decomposition
D:10:     layout_roguey [special_room_orc],
          kennysheep_orc_monster_closet_entryway
D:11:     layout_irregular_city, due_lair_maze_entry_diamond, serial_shops,
          bzr_entry_gold
Temple:   compressed_dpeg_circular_temple
Lair:1:   layout_gridlike, st_stairs_6, minivault_19, infiniplex_staircase_pool,
          grunt_megastairs_2, uniq_grum
Lair:2:   layout_regular_city, dummy_spider_entry
Lair:3:   layout_regular_city
Lair:4:   layout_small_grid, minmay_shoals_entry_beasts, grunt_megastairs_1
Lair:5:   layout_loops_ring, gauntlet_entry_generic, grunt_megastairs_3
Lair:6:   evil_forest, layout_small_grid, dpeg_slime_entry_corner,
          lemuel_fruit_tree, infiniplex_staircase_pool_2
Shoals:1: layout_shoals
Shoals:2: layout_shoals, centaur_isle
Shoals:3: layout_shoals, nicolae_shoals_circle_sea_wall,
          nicolae_shoals_siren_and_animal_friends
Shoals:4: shoals_end_grunt_ice, layout_shoals, uniq_donald, uniq_polyphemus
Spider:1: layout_spider_delve, drop_trap, uniq_agnes, uniq_jorgrun, uniq_frances
Spider:2: layout_spider_delve, uniq_nikola, uniq_asterion
Spider:3: layout_spider_delve
Spider:4: guppyfry_spider_rune
Slime:1:  layout_caves
Orc:1:    layout_diamond_mine, serial_shops, nicolae_shop_waterfront,
          shop_coins, shop, shop
Orc:2:    st_orc_town, layout_diamond_mine, serial_shops, shop, shop, shop
Elf:1:    elf_arrival_001, layout_gridlike, serial_shops, shop,
          minmay_elf_necromancy, door_vault, uniq_roxanne
Elf:2:    layout_rooms, serial_shops, nicolae_shop_stone, due_unseen_surprise
Elf:3:    minmay_elf_hall, layout_geoelf_castle, hangedman_elf_represent
Hell
Dis:1:    layout_subdivisions
Geh:1:    layout_gehenna_pools_basic
Geh:2:    layout_gehenna_pools_triple
Geh:3:    layout_gehenna_pools_box
Coc:1:    layout_cocytus_water_paths
Coc:2:    layout_cocytus_water_paths

Skill      XL: |  1  2  3  4  5  6  7  8  9 10 11 12 13 14 15 16 17 18 19 20 21 |
---------------+----------------------------------------------------------------+-----
Fighting       | 4 5 7 8 9 11 13 14 15 17 18 19 20 21 | 21.4
Axes           | 3 4 5 6 8 10 12 13 14 15 16 | 16.6
Shields        | 4 5 6 7 8 9 10 11 13 14 15 16 17 | 17.8
Armour         | 4 5 6 7 9 10 12 13 14 15 16 | 16.0
Long Blades    | 1 |  1.6
Dodging        | 1 2 3 4 5 6 7 |  7.5
Stealth        | 1 2 3 6 7 |  7.9
Slings         | 2 4 5 6 8 |  8.4
Spellcasting   | 1 2 4 5 |  5.6
Summonings     | 2 3 |  3.9
Translocations | 2 4 5 |  5.6
Evocations     | 1 |  1.1
Invocations    | 3 7 9 11 12 | 12.6
Maces & Flails | 3 6 |  6.4
Crossbows      | 2 5 6 8 |  8.1
Throwing       | 1 |  1.4

Action                   |  1- 3 |  4- 6 |  7- 9 | 10-12 | 13-15 | 16-18 | 19-21 || total
-------------------------+-------+-------+-------+-------+-------+-------+-------++-------
Melee: War axe           |   114 |   173 |   441 |   624 |       |       |       ||  1352
       Long sword        |       |    33 |    43 |       |       |       |       ||    76
       Hand axe          |       |       |       |   192 |   917 |  1212 |  2427 ||  4748
       Morningstar       |       |       |       |       |       |    24 |       ||    24
 Fire: Fustibalus        |       |       |    13 |       |    51 |       |    91 ||   155
       Heavy crossbow    |       |       |       |       |       |    20 |       ||    20
       Hand crossbow     |       |       |       |       |       |       |     3 ||     3
Throw: Dart              |       |     9 |       |     2 |       |     5 |     7 ||    23
 Cast: Apportation       |       |       |       |       |     1 |       |     1 ||     2
       Blink             |       |       |       |       |     2 |     8 |     5 ||    15
       Summon Butterflie |       |       |       |       |     1 |     8 |     2 ||    11
Invok: Lesser Servant of |       |       |       |       |       |    12 |     3 ||    15
       Greater Servant o |       |       |       |       |       |     2 |     7 ||     9
       Minor Destruction |       |       |       |       |       |     1 |       ||     1
       Major Destruction |       |       |       |       |       |     1 |       ||     1
Evoke: Wand              |       |       |       |       |     4 |     2 |       ||     6
       Tin of tremorston |       |       |       |       |       |     1 |       ||     1
  Use: Potion            |     1 |     7 |       |     2 |     6 |    23 |     3 ||    42
       Scroll            |       |    10 |     4 |     7 |    12 |    15 |    11 ||    59
 Stab: Distracted        |       |       |     2 |       |       |     5 |     5 ||    12
       Sleeping          |       |       |     7 |       |     1 |     1 |     1 ||    10
       Held in net/web   |       |       |       |       |       |     4 |       ||     4
  Eat: Chunk             |    12 |     9 |    16 |     7 |    26 |    20 |    18 ||   108
       Ration            |       |       |       |       |     1 |     3 |     7 ||    11
Armor: Scale mail        |    67 |    90 |   114 |   191 |       |       |       ||   462
       Ring mail         |       |       |    59 |       |       |       |       ||    59
       Chain mail        |       |       |       |   108 |   333 |  1071 |   887 ||  2399
Dodge: Dodged            |    39 |    81 |   143 |   312 |   320 |   898 |   685 ||  2478
Block: Kite shield       |    72 |   132 |   257 |       |       |       |       ||   461
       Buckler           |       |       |     8 |   291 |   358 |   209 |       ||   866
       Tower shield      |       |       |       |       |       |       |  3033 ||  3033
       Rpst.: Long sword |       |     4 |     7 |       |       |       |       ||    11

Table legend:
 A = Non-vault XP
 B = Vault XP
 C = Vault XP percentage of total XP
 D = Non-vault monster count
 E = Vault monster count
 F = Vault count percentage of total count
                 A         B        C        D         E       F
            +---------+---------+-------+---------+---------+-------
      Total |  337253 |  246748 |  42.3 |     965 |     473 |  32.9
            +---------+---------+-------+---------+---------+-------
        D:1 |      30 |       0 |   0.0 |      18 |       0 |   0.0
        D:2 |     123 |       6 |   4.7 |      33 |       4 |  10.8
        D:3 |      29 |       0 |   0.0 |       8 |       0 |   0.0
        D:4 |     263 |       3 |   1.1 |      12 |       3 |  20.0
        D:5 |     301 |       0 |   0.0 |      14 |       0 |   0.0
        D:6 |     747 |       0 |   0.0 |      25 |       0 |   0.0
        D:7 |    1039 |     925 |  47.1 |      29 |      12 |  29.3
        D:8 |    1034 |       0 |   0.0 |      17 |       0 |   0.0
        D:9 |    2975 |     668 |  18.3 |      31 |       7 |  18.4
       D:10 |    1160 |    2113 |  64.6 |      15 |      45 |  75.0
       D:11 |    6499 |    1272 |  16.4 |      46 |       9 |  16.4
     Lair:1 |    3637 |    1575 |  30.2 |      14 |       8 |  36.4
     Lair:2 |    3510 |       0 |   0.0 |       9 |       0 |   0.0
     Lair:3 |    4343 |       0 |   0.0 |      12 |       0 |   0.0
     Lair:4 |    3564 |    2687 |  43.0 |      16 |       4 |  20.0
     Lair:5 |    4758 |     867 |  15.4 |      21 |       7 |  25.0
     Lair:6 |   17848 |   23870 |  57.2 |      49 |      45 |  47.9
   Shoals:1 |   15133 |       0 |   0.0 |      32 |       0 |   0.0
   Shoals:2 |   16632 |    1975 |  10.6 |      34 |       6 |  15.0
   Shoals:3 |   10108 |    3469 |  25.6 |      26 |       7 |  21.2
   Shoals:4 |    9272 |   24071 |  72.2 |      22 |      39 |  63.9
   Spider:1 |    8555 |    7612 |  47.1 |      24 |       3 |  11.1
   Spider:2 |   15004 |    4980 |  24.9 |      37 |       2 |   5.1
   Spider:3 |   22387 |       0 |   0.0 |      52 |       0 |   0.0
   Spider:4 |   12689 |   24082 |  65.5 |      30 |      42 |  58.3
      Orc:1 |    1474 |       0 |   0.0 |      15 |       0 |   0.0
      Orc:2 |    2658 |    8764 |  76.7 |      16 |      63 |  79.7
      Elf:1 |   18625 |   20937 |  52.9 |      29 |      28 |  49.1
      Elf:2 |   11218 |   29464 |  72.4 |      19 |      37 |  66.1
      Elf:3 |   11714 |   50482 |  81.2 |      21 |      36 |  63.2
       Hell |   29068 |   32013 |  52.4 |      31 |      52 |  62.7
      Dis:1 |    3644 |       0 |   0.0 |       9 |       0 |   0.0
      Geh:1 |   18427 |       0 |   0.0 |      47 |       0 |   0.0
      Geh:2 |    6296 |       0 |   0.0 |      14 |       0 |   0.0
      Geh:3 |     585 |       0 |   0.0 |       2 |       0 |   0.0
      Coc:1 |   46339 |       0 |   0.0 |      75 |       0 |   0.0
      Coc:2 |   23697 |       0 |   0.0 |      59 |       0 |   0.0
    Abyss:2 |    1868 |       0 |   0.0 |       2 |       0 |   0.0
   Gauntlet |       0 |    4913 | 100.0 |       0 |      14 | 100.0
            +---------+---------+-------+---------+---------+-------
